 Dungeon Crawl Stone Soup version 0.19-a0-981-gaae9137 (webtiles) character file.

8549 mistymad the Spear-Bearer (level 11, -4/90 HPs)
             Began as a Merfolk Gladiator on July 15, 2016.
             Was a Priest of Fedhas.
             Slain by Snorg (24 damage)
             ... on level 9 of the Dungeon.
             The game lasted 00:25:45 (11113 turns).

mistymad the Spear-Bearer (Merfolk Gladiator)      Turns: 11113, Time: 00:25:46

Health: -4/90      AC: 16    Str: 19    XL:     11   Next: 32%
Magic:  11/11      EV: 29    Int:  7    God:    Fedhas [***...]
Gold:   645        SH:  0    Dex: 20    Spells: 0 memorised, 10 levels left

rFire  . . .     SeeInvis +     a - +1 trident (pierce)
rCold  + + .     Gourm    .     i - +2 ring mail "Zuguddif" {rC+ Regen+ SInv Stlth+}
rNeg   . . .     Faith    .     (no shield)
rPois  .         Spirit   .     e - +2 hat "Xesit" {rC+}
rElec  .         Dismiss  .     t - +2 cloak
rCorr  .         Reflect  .     K - +2 pair of gloves
SustAt .         Harm     .     (no boots)
MR     .....                    (no amulet)
Stlth  +++.......               (no ring)
                                w - +4 ring of evasion

@: agile, very slightly contaminated, not resistant to hostile enchantments,
fairly stealthy
A: change form in water, swift swim
a: Evolution, Sunlight, Growth, Renounce Religion


You were on level 9 of the Dungeon.
You worshipped Fedhas.
Fedhas was most pleased with you.
You were not hungry.

You visited 4 branches of the dungeon, and saw 14 of its levels.
You also visited: Ossuary.

You collected 711 gold pieces.
You spent 66 gold pieces at shops.

Inventory:

Hand Weapons
 a - a +1 trident of piercing (weapon)
Missiles
 d - 3 throwing nets (quivered)
Armour
 e - the +2 hat "Xesit" (worn) {rC+}
   (You acquired it on level 8 of the Dungeon)

   It protects you from cold.
 i - the +2 ring mail "Zuguddif" (worn) {rC+ Regen+ SInv Stlth+}
   (You found it on level 10 of the Dungeon)

   It protects you from cold.
   It lets you see invisible.
   It increases your rate of regeneration.
   It makes you more stealthy.
 t - a +2 cloak (worn)
 K - a +2 pair of gloves (worn)
Jewellery
 k - an uncursed ring of ice
 w - a +4 ring of evasion (left hand)
 y - an uncursed ring of fire
Wands
 n - a wand of paralysis (21/24)
 u - a wand of confusion (24/48)
 A - a wand of digging (19/24)
 F - a wand of polymorph (12/24)
 N - a wand of iceblast (12/15)
 O - a wand of disintegration (4/24)
Scrolls
 g - 7 scrolls of enchant weapon
 h - 9 scrolls of identify
 j - a scroll of immolation
 m - 2 scrolls of fog
 o - 2 scrolls of remove curse
 p - a scroll of blinking
 s - 4 scrolls of enchant armour
 x - a scroll of recharging
 B - 3 scrolls of magic mapping
 H - a scroll of noise
 I - a scroll of teleportation
Potions
 l - 2 potions of cure mutation
 r - a potion of heal wounds {unknown}
 v - a potion of mutation {unknown}
 E - 3 potions of curing {unknown}
 G - 3 potions of might {unknown}
 J - 3 potions of invisibility {unknown}
 L - a potion of flight {unknown}
 M - 2 potions of lignification {unknown}
 P - a potion of brilliance {unknown}
Comestibles
 b - 2 royal jellies
 c - 6 meat rations
 f - 9 bread rations
 z - 3 beef jerkies
 C - 2 fruits


   Skills:
 + Level 10.0 Fighting
 + Level 12.8 Polearms
 - Level 2.0 Throwing
 + Level 6.2 Armour
 + Level 11.8 Dodging


You had 10 spell levels left.
You didn't know any spells.

Dungeon Overview and Level Annotations

Branches:
Dungeon (11/15)            Temple (1/1) D:4            Lair (1/6) D:10
    Orc (1/2) D:9

Altars:
Ashenzari
Cheibriados
Dithmenos
Elyvilon
Fedhas
Gozag
Hepliaklqana
Kikubaaqudgha
Makhleb
Nemelex Xobeh
Okawaru
Pakellas
Qazlal
Ru
Sif Muna
Trog
Uskayaw
Vehumet
Xom
Yredelemnul
Zin
The Shining One

Shops:
D:8 *

Annotations:
D:9 Snorg


Message History

Snorg closely misses you.
You take 13 damage, and have 14/90 hp.
Unknown command.
Okay, then.
Blink to where?
Press: ? - help, Dir - move target cursor You are very lightly contaminated with residual magic.
As you read the scroll of blinking, it crumbles to dust.
Snorg misses you. Snorg completely misses you. Snorg claws you.
* * * LOW HITPOINT WARNING * * *
You take 2 damage, and have 13/90 hp.
Snorg completely misses you. Snorg claws you but does no damage.
Snorg completely misses you. Snorg misses you. Snorg barely misses you.
Snorg completely misses you. Snorg completely misses you. Snorg misses you.
Snorg closely misses you. Snorg bites you but does no damage. Snorg misses you.
Snorg claws you but does no damage. Snorg bites you!!
You die...
Fedhas appreciates your contribution to the ecosystem.

..####...##.....8.....###[#......
..'.......#...........#..).......
..####.........f[).......)[......
.## #..#..8...[>....8..#.##.....
## #:###..............#)##..... #
#.# ##....f......#...##.#... #[#
#.....8.....#.####.##'#
#.#######.....####..........
#........##@####.#######.#.#
##########.#####.T..o............
.........#.# ##.###.##.####....
.#######.#f# #.# #.##.# #.... .#
#.#.# #.# #o##.# #....
.#######.#.# #.# #....# #.#.#
.......f...# #.# ####o# #.#.#
.#######.### #.# #.# #....
.#######.# #.######o# ###.#


You could see Snorg (berserk), an orc warrior and 2 friendly wandering
mushrooms.

Vanquished Creatures
  An unseen horror (D:10)
  Maurice (D:10)
  The ghost of mistymad the Poker, a novice MfGl of Fedhas (D:5)
  The ghost of crawlian the Firebug, a novice DEFE of Vehumet (D:8)
  3 komodo dragons (D:10)
  A spriggan (D:10)
  A wraith (D:10)
  3 hippogriffs
  A mottled dragon (D:10)
  3 water moccasins
  A porcupine (Lair:1)
  3 sky beasts
  3 orc warriors
  2 black bears
  3 ice beasts
  5 ogres
  3 phantoms
  A necrophage (D:10)
  2 centaurs
  3 crocodiles
  A big kobold (D:10)
  4 giant frogs
  A gnoll sergeant (D:10)
  2 elf skeletons (D:7)
  5 scorpions
  6 killer bees
  3 wights
  A howler monkey (D:8)
  2 crimson imps
  The ghost of Amnesiac the Gusty, a weakling TeAE (D:3)
  5 hounds
  A jelly (D:7)
  3 orc priests
  5 orc wizards
  3 centaur skeletons (Ossuary)
  2 giant frog skeletons (D:10)
  2 human skeletons (D:7)
  4 iguanas
  Natasha (twice) (D:2)
  10 worker ants
  2 ogre skeletons (Ossuary)
  2 hound skeletons
  8 mummies
  Robin (D:2)
  5 gnolls (D:10)
  A howler monkey skeleton (D:6)
  11 adders
  2 oozes (D:1)
  4 adder skeletons
  3 adder zombies
  5 worms
  A dart slug (D:4)
  8 giant geckos
  25 orcs
  4 bats
  4 giant cockroaches
  9 goblins
  18 hobgoblins
  2 jackals (D:7)
  3 quokkas
  5 ball pythons
  5 giant newts
  A gnoll skeleton (Ossuary)
  3 goblin skeletons (Ossuary)
  3 hobgoblin skeletons (Ossuary)
  2 hobgoblin zombies (Ossuary)
  A jackal skeleton (D:8)
  7 kobolds
  A kobold zombie (Ossuary)
  2 orc skeletons (D:7)
  8 quokka skeletons
  A quokka zombie (Ossuary)
  10 rats
  2 rat skeletons (Ossuary)
274 creatures vanquished.

Vanquished Creatures (collateral kills)
  A hungry ghost (D:8)
  An ogre (D:9)
  An eye of draining (D:10)
  3 wights
  3 killer bees (D:7)
  A crimson imp (D:8)
  A jelly (D:10)
  2 orc wizards (D:10)
  A mummy (D:10)
  13 orcs
  A jackal (D:8)
  3 kobolds (D:10)
31 creatures vanquished.

Vanquished Creatures (others)
  4 wandering mushrooms
  A necrophage (D:10)
  98 toadstools
103 creatures vanquished.

Grand Total: 408 creatures vanquished

Notes
Turn   | Place    | Note
-------+----------+-------------------------------------------
     0 | D:1      | mistymad the Merfolk Gladiator began the quest for the Orb.
     0 | D:1      | Reached XP level 1. HP: 16/16 MP: 1/1
    73 | D:1      | Reached XP level 2. HP: 23/23 MP: 2/2
   168 | D:1      | Reached skill level 5 in Polearms
   377 | D:1      | Reached XP level 3. HP: 23/28 MP: 3/3
   680 | D:2      | Noticed Robin
   699 | D:2      | Killed Robin
   788 | D:2      | Reached XP level 4. HP: 22/34 MP: 4/4
   894 | D:2      | Reached skill level 5 in Dodging
   947 | D:2      | Noticed Natasha
   948 | D:2      | Found a shimmering altar of Xom.
   948 | D:2      | Found a glowing silver altar of Zin.
   948 | D:2      | Noticed an angel
   953 | D:2      | Killed Natasha
  1184 | D:2      | Reached XP level 5. HP: 34/41 MP: 5/5
  1194 | D:2      | Reached skill level 6 in Polearms
  1271 | D:2      | Noticed Natasha
  1275 | D:2      | Killed Natasha
  2055 | D:3      | Noticed Amnesiac's ghost (weakling TeAE)
  2064 | D:3      | Killed Amnesiac's ghost
  2064 | D:3      | Reached XP level 6. HP: 44/48 MP: 6/6
  2709 | D:4      | Found a bloodstained altar of Trog.
  2844 | D:4      | Found a white marble altar of Elyvilon.
  2861 | D:4      | Found a glowing golden altar of the Shining One.
  2892 | D:4      | Found a hide-covered altar of Uskayaw.
  2892 | D:4      | Found an opulent altar of Gozag.
  3015 | D:3      | Found a shattered altar of Ashenzari.
  3050 | D:4      | Reached skill level 7 in Polearms
  3050 | D:4      | Reached skill level 1 in Armour
  3059 | D:4      | Reached XP level 7. HP: 33/55 MP: 7/7
  3085 | D:4      | Found a staircase to the Ecumenical Temple.
  3239 | Temple   | Entered the Ecumenical Temple
  3782 | D:4      | Found a burning altar of Makhleb.
  3821 | D:5      | Entered Level 5 of the Dungeon
  3830 | D:5      | Noticed mistymad's ghost (novice MfGl)
  3872 | D:5      | HP: 2/55 [mistymad's ghost (3)]
  3875 | D:5      | Killed mistymad's ghost
  3875 | D:5      | Reached skill level 5 in Fighting
  4182 | D:5      | Reached skill level 8 in Polearms
  4182 | D:5      | Reached XP level 8. HP: 63/63 MP: 8/8
  4645 | D:4      | Found a blossoming altar of Fedhas.
  4654 | D:4      | Became a worshipper of Fedhas Madash
  5295 | D:6      | Reached skill level 9 in Polearms
  5606 | D:7      | Reached XP level 9. HP: 37/71 MP: 9/9
  5861 | D:7      | Found a sand-covered staircase.
  5934 | Ossuary  | Entered an ossuary
  6055 | Ossuary  | Reached * piety under Fedhas
  6277 | Ossuary  | Reached ** piety under Fedhas
  6381 | Ossuary  | Reached skill level 10 in Polearms
  7412 | D:8      | Found Minookk's Assorted Antiques.
  7428 | D:8      | Identified a scroll of acquirement
  7431 | D:8      | Got a smoking hat
  7442 | D:8      | Identified the +2 hat "Xesit" {rC+} (You acquired it on level 8 of the Dungeon)
  7455 | D:8      | Bought 2 scrolls labeled XAQIOL KIXU for 66 gold pieces
  7506 | D:8      | Reached XP level 10. HP: 80/80 MP: 7/10
  7591 | D:8      | Noticed crawlian's ghost (novice DEFE)
  7602 | D:8      | Killed crawlian's ghost
  7602 | D:8      | Reached skill level 11 in Polearms
  7602 | D:8      | Reached skill level 10 in Dodging
  8302 | D:9      | Found a staircase to the Orcish Mines.
  8370 | D:9      | Reached *** piety under Fedhas
  8526 | D:9      | Reached skill level 5 in Armour
  8918 | D:10     | Entered Level 10 of the Dungeon
  8920 | D:10     | Noticed Maurice
  9410 | D:10     | Killed an unseen horror
  9746 | D:10     | Killed Maurice
  9746 | D:10     | Reached skill level 12 in Polearms
 10167 | D:10     | Reached XP level 11. HP: 89/89 MP: 11/11
 10310 | D:10     | Got a garnet-encrusted ring mail
 10321 | D:10     | Identified the +2 ring mail "Zuguddif" {rC+ Regen+ SInv Stlth+} (You found it on level 10 of the Dungeon)
 10773 | D:10     | Found a staircase to the Lair.
 10863 | Lair:1   | Entered Level 1 of the Lair of Beasts
 11033 | Orc:1    | Entered Level 1 of the Orcish Mines
 11039 | Orc:1    | Noticed Snorg
 11060 | D:9      | Reached skill level 10 in Fighting
 11113 | D:9      | Slain by Snorg

Vault maps used:
D:1:      lightli_arrival_maybe_door_vault
D:2:      grunt_temple_overflow_order_and_chaos_1, uniq_natasha, uniq_robin
D:3:      lemuel_upstairs_altar
D:4:      kennysheep_mini, nicolae_overflow_hidden_temple,
          makhleb_blood_cavern_becter
D:5:      first_bread, minmay_crystal_water
D:7:      nicolae_ossuary_entry_catacombs
D:8:      serial_shops, nicolae_shop_stone
D:9:      david_orc_2
D:10:     erik_lair_dragon, serial_undead, serial_undead_a, serial_undead_f,
          serial_undead_d, serial_undead_f, serial_undead_c, the_bakery,
          grunt_decor_resistance, uniq_maurice
Temple:   nicolae_temple_figure_eight
Lair:1:   wad_woods_river_01
Orc:1:    serial_shops, shop, uniq_snorg, uniq_nergalle
Ossuary:  ossuary_boxes_badplayer

Skill      XL: |  1  2  3  4  5  6  7  8  9 10 11 |
---------------+----------------------------------+-----
Polearms       | 5 6 7 8 9 10 12 | 12.8
Dodging        | 5 6 7 8 9 11 | 11.8
Fighting       | 3 4 5 6 8 9 10 | 10.0
Armour         | 1 2 3 4 5 6 |  6.2
Throwing       | |  2.0

Action                   |  1- 3 |  4- 6 |  7- 9 | 10-12 || total
-------------------------+-------+-------+-------+-------++-------
Melee: Trident           |   106 |   199 |   633 |   538 ||  1476
Invok: Evolution         |       |       |     4 |     3 ||     7
  Use: Scroll            |       |       |    16 |     1 ||    17
       Potion            |       |       |       |     1 ||     1
 Stab: Sleeping          |     1 |     1 |       |     1 ||     3
       Distracted        |       |       |       |     1 ||     1
  Eat: Chunk             |       |     7 |    13 |    13 ||    33
       Pizza             |       |       |     1 |       ||     1
Armor: Leather armour    |     8 |    41 |       |       ||    49
       Scale mail        |       |    26 |   128 |    79 ||   233
       Ring mail         |       |       |       |    27 ||    27
Dodge: Dodged            |    46 |   126 |   388 |   296 ||   856
